AoeStats
← Zedd

MegaRandom

506477925Analyzed
3v3 RM · 20d ago on Sep 13, 2026· 44m 9s· 6 players
Game mode
Random Map
Map size
Normal (6 player)
Population
200
Speed
Normal
Resources
Standard
Victory
Conquest
Starting age
Dark Age
Ending age
Imperial Age
RankedLock teamsTeams togetherTeam positionsShared explorationLock speedFull tech treeHidden civsTurbo modeCheats
Victory
Defeat
🇩🇰 Ethiopians · Denmark
1191
+13
🇵🇪 Mongols · Peru
1161
+14
🇧🇦 Japanese · Bosnia & Herzegovina
1134
+15
🇨🇭 Malians · Switzerland
1170
-15
🇨🇭 Hindustanis · Switzerland
1132
-15
🇨🇭 Muisca · Switzerland
1060
-12
Havoc_
6:02 Loom
8:45 Feudal Age
9:44 Double-Bit Axe
10:26 Horse Collar
23:25 Wheelbarrow
26:38 Castle Age
25:52 Bloodlines
26:23 Scale Barding Armor
27:45 Husbandry
30:33 Bow Saw
30:23 Light Cavalry
32:03 Forging
33:02 Chain Barding Armor
33:41 Town Watch
40:05 Imperial Age
40:31 Iron Casting
40:07 Hussar
42:18 Blast Furnace
41:52 Town Patrol
42:13 Hand Cart
43:19 Conscription
43:32 Gold Mining
crips n blyats
8:37 Loom
11:02 Feudal Age
11:28 Double-Bit Axe
14:06 Fletching
15:12 Horse Collar
16:13 Gold Mining
17:24 Fishing Lines
20:20 Castle Age
18:50 Padded Archer Armor
20:23 Crossbowman
20:59 Bodkin Arrow
21:34 Bow Saw
22:12 Wheelbarrow
23:57 Ballistics
24:36 Town Watch
25:03 Gillnets
25:33 Leather Archer Armor
25:28 Thumb Ring
28:44 Stone Mining
29:30 Gold Shaft Mining
35:10 Imperial Age
35:35 Arbalester
36:18 Bracer
37:20 Chemistry
36:52 Conscription
38:17 Stone Shaft Mining
38:51 Town Patrol
39:10 Hand Cart
40:22 Ring Archer Armor
42:32 Siege Engineers
42:38 Masonry
42:26 Murder Holes
1godi
7:54 Loom
11:53 Feudal Age
12:39 Man-at-Arms
13:13 Double-Bit Axe
13:10 Horse Collar
15:53 Scale Mail Armor
16:40 Forging
20:04 Arson
21:06 Wheelbarrow
26:34 Castle Age
27:24 Gold Mining
27:53 Chain Mail Armor
27:00 Long Swordsman
27:41 Squires
27:27 Gambesons
28:01 Bow Saw
27:56 Heavy Plow
33:23 Iron Casting
33:28 Heavy Plow
33:27 Stone Mining
37:59 Pikeman
39:29 Hand Cart
39:01 Town Watch
Hairy Butter
3:33 Loom
11:00 Feudal Age
17:03 Castle Age
14:39 Man-at-Arms
17:10 Scale Mail Armor
17:14 Long Swordsman
19:30 Forging
31:04 Gold Mining
33:46 Double-Bit Axe
37:11 Chain Mail Armor
37:37 Iron Casting
37:20 Horse Collar
37:55 Bow Saw
43:06 Imperial Age
40:56 Scale Barding Armor
40:54 Padded Archer Armor
43:03 Fletching
43:29 Leather Archer Armor
43:33 Murder Holes
43:59 Ballistics
Bobpower
3:07 Loom
11:14 Feudal Age
13:30 Double-Bit Axe
33:37 Castle Age
32:30 Champi Runner
35:46 Horse Collar
36:21 Gold Mining
42:06 Castle Age
43:55 Wheelbarrow
Zedd
10:39 Feudal Age
8:54 Loom
13:27 Scale Mail Armor
13:38 Forging
12:56 Man-at-Arms
13:44 Arson
15:24 Double-Bit Axe
24:19 Castle Age
23:11 Fletching
25:06 Horse Collar
26:27 Iron Casting
25:56 Squires
26:35 Bow Saw
26:27 Heavy Plow
30:27 Chain Mail Armor
33:28 Bodkin Arrow
37:38 Imperial Age
35:47 Wheelbarrow
34:57 Town Watch
37:31 Tigui
38:00 Ballistics
40:45 Masonry
Connection lost

Rejoining the realm…

Still unreachable

The connection could not be restored.

Session expired

The server has moved on; the page needs a fresh start.